 Dungeon Crawl Stone Soup version 0.31-a0-1074-g0b22e4e0f1 (webtiles) character file.

Game seed: 8394636798483735815

13954 Pooter the Cleaver (level 11, -13/101 HPs)
             Began as a Minotaur Berserker on Dec 1, 2023.
             Was a Priest of Trog.
             Killed from afar by a smoke demon (31 damage)
             ... with a ball of steam
             ... in a volcano on Dec 2, 2023.
             The game lasted 00:52:56 (12045 turns).

Pooter the Cleaver (Minotaur Berserker)            Turns: 12045, Time: 00:52:57

Health: -13/101    AC: 12    Str: 27    XL:     11   Next: 82%
Magic:  10/10      EV:  7    Int:  4    God:    Trog [***...]
Gold:   467        SH:  5    Dex:  9    Spells: 10/10 levels left

rFire   . . .        b - +0 orcbow
rCold   . . .        (shield currently unavailable)
rNeg    . . .        G - +1 plate armour
rPois   .            (helmet restricted)
rElec   .            l - scarf {harm}
rCorr   .            (no gloves)
SInv    +            (no boots)
Will    ++...        F - amulet of reflection Stlth
                     S - ring of see invisible
HPRegen 1.36/turn    (no ring)
MPRegen 0.12/turn

%: harm (+30% outgoing, +20% incoming), reflection
@: strong-willed, regenerating
A: horns 2, retaliatory headbutt, hooves 1, wild magic 1
a: Renounce Religion, Berserk, Trog's Hand


You were in a volcano.
You worshipped Trog.
Trog was most pleased with you.
You visited 2 branches of the dungeon, and saw 12 of its levels.
You also visited: Volcano.

You collected 676 gold pieces.
You spent 209 gold pieces at shops.

Inventory:

Hand Weapons
 a - a +6 heavy battleaxe
   (You took it off a wight on level 7 of the Dungeon)
 b - a +0 orcbow (weapon)
   (You took it off a centaur on level 9 of the Dungeon)
 k - a +3 dire flail of draining
   (You took it off Edmund on level 4 of the Dungeon)
 n - a +0 trident
   (You found it on level 2 of the Dungeon)
 E - a +4 whip of venom
   (You took it off a kobold brigand on level 7 of the Dungeon)
Missiles
 p - 2 boomerangs
 q - 28 poisoned darts
 r - 2 curare-tipped darts
 s - 3 javelins
 x - 5 atropa-tipped darts
 A - 6 throwing nets {!f}
 Q - 125 stones
Armour
 l - a scarf of harm (worn)
   (You found it on level 9 of the Dungeon)
 G - a +1 plate armour (worn)
   (You found it on level 6 of the Dungeon)
Jewellery
 j - a +6 ring of intelligence
   (You found it on level 2 of the Dungeon)
 F - an amulet of reflection (around neck)
   (You found it on level 7 of the Dungeon)
 S - a ring of see invisible (left hand)
   (You found it on level 1 of the Dungeon)
Wands
 f - a wand of flame (33)
   (You found it on level 7 of the Dungeon)
 u - a wand of paralysis (1)
   (You found it on level 5 of the Dungeon)
 y - a wand of polymorph (1)
   (You took it off a gnoll bouda on level 7 of the Dungeon)
 D - a wand of digging (6)
   (You bought it in a shop on level 9 of the Dungeon)
Scrolls
 g - a scroll of noise {!r}
 m - 2 scrolls of fog
 t - 5 scrolls of teleportation {@r4}
 w - 3 scrolls of poison {!r}
 H - 4 scrolls of vulnerability {!r}
Potions
 c - 6 potions of mutation {!q}
 d - 3 potions of might
 e - 4 potions of heal wounds {@q2}
 h - 3 potions of haste {@q3}
 o - 5 potions of curing {@q1}
 v - 2 potions of cancellation
 z - a potion of resistance
 B - a potion of enlightenment {unknown}
 I - a potion of lignification {unknown}


   Skills:
 + Level 10.9 Fighting
 * Level 13.3(13.9) Axes
 - Level 6.7(10.9) Maces & Flails
 * Level 10.9 Ranged Weapons
 - Level 2.4 Armour
 - Level 2.1 Dodging
 - Level 6.3 Stealth


You had 10 spell levels left.
You didn't know any spells.
Your spell library was empty.

Dungeon Overview and Level Annotations

Branches:
Dungeon (10/15) Zot: 25447  Temple (0/1) D:4            Lair (0/5) D:9
    Orc (2/2) D:10 Zot: 11165 Volcano (1/1) Zot: 5866
    Elf: Orc:2

Altars:
Ashenzari
Cheibriados
Hepliaklqana
Kikubaaqudgha
Makhleb
Qazlal
Ru
Uskayaw
Yredelemnul
Zin

Shops:
D:9 *

Portals:
Abyss: D:5

Annotations:
D:5 2 transporters, pigah's ghost, novice OpSh


Innate Abilities, Weirdness & Mutations

You have a pair of horns on your head.
You reflexively headbutt those who attack you in melee.
You have large cloven feet.
Your spells are a little harder to cast, but a little more powerful.


Message History

You shoot an arrow.
The arrow closely misses the smoke demon.
The smoke demon gestures at you. Something smites you!
You start resting.
A smoke demon is nearby!
a - a +5 heavy battleaxe (weapon)
Your skin crawls.
You feel strong-willed.
You are too injured to fight recklessly!
The smoke demon hits you but does no damage. x2
The smoke demon barely misses you.
You slice the smoke demon!!
You kill the smoke demon!
Trog accepts your kill.
You start resting.
You feel the effects of Trog's Hand fading.
You start resting.
Your skin stops crawling.
You feel less strong-willed.
You start resting.
You can no longer call in reinforcements.
You start resting.
b - a +0 orcbow (weapon)
As you read the scroll of enchant weapon, it crumbles to dust.
Your +5 heavy battleaxe glows red for a moment.
Okay, then.
A smoke demon comes into view.
The smoke demon roars!
You shoot an arrow.
The arrow barely misses the smoke demon.
The smoke demon gestures at you. Something smites you!
The smoke demon gestures at you. Something smites you!
You shoot an arrow.
The arrow barely misses the smoke demon.
You shoot an arrow. The arrow hits the smoke demon.
The smoke demon gestures at you. Something smites you!
The smoke demon gestures at you. The ball of steam hits you!
* * * LOW HITPOINT WARNING * * *
The smoke demon gestures at you. Something smites you!
* * * LOW HITPOINT WARNING * * *
Your skin crawls.
You feel strong-willed. The smoke demon gestures at you.
The ball of steam hits you!!
You die...

.....#
......#
....3..##
#.......#
........#
#...§##
####§.# ##
##§## ..#
#@.#
...##..##
....##..#
.......#.#
#......#.#
###......#
#...§...#
##§§.#§.#
#§..##§#


There were no monsters in sight!

Vanquished Creatures
  An orc warlord (Orc:1)
  Harold (D:10)
  A two-headed ogre (D:8)
  An obsidian statue (D:9)
  2 deep elf pyromancers (D:10)
  An ice statue (D:9)
  2 smoke demons (Volcano)
  A komodo dragon (D:10)
  A troll (D:8)
  Grinder (D:3)
  2 hornets
  A shadow (D:9)
  A wyvern (D:9)
  A wraith (D:10)
  10 yaks
  4 vampire mosquitoes (D:9)
  A steam dragon (D:6)
  Edmund (D:4)
  An acid dragon (D:9)
  3 wargs
  2 water moccasins (D:7)
  Duvessa (D:4)
  3 ice beasts
  12 orc warriors
  6 black bears
  A sky beast (D:6)
  3 ogres
  2 centaurs (D:9)
  3 phantoms
  4 kobold brigands
  6 bullfrogs
  2 scorpions
  2 water moccasin zombies (D:5)
  Dowan (D:4)
  6 wights (D:7)
  6 howler monkeys
  5 electric eels
  A bullfrog zombie (D:5)
  2 gnoll boudas
  2 jellies (D:7)
  A bullfrog skeleton (D:5)
  3 hounds
  2 orc priests
  An iron imp (D:8)
  Jessica (D:3)
  An iguana (D:5)
  8 orc wizards
  Terence (D:3)
  2 sleepcaps
  A hound zombie (D:5)
  13 gnolls
  9 adders
  8 white imps
  11 dart slugs
  47 orcs
  6 endoplasms
  3 giant cockroaches
  7 goblins
  4 hobgoblins
  4 jackals (D:4)
  35 kobolds
  3 quokkas
  5 ball pythons
  5 bats
  4 frilled lizards
  8 rats
300 creatures vanquished.

Notes
Turn   | Place    | Note
-------+----------+-------------------------------------------
     0 | D:1      | Pooter the Minotaur Berserker began the quest for the Orb.
     0 | D:1      | Reached XP level 1. HP: 19/19 MP: 0/0
   215 | D:1      | Reached XP level 2. HP: 27/27 MP: 1/1
   216 | D:1      | Reached skill level 4 in Axes
   335 | D:1      | Reached skill level 1 in Stealth
   434 | D:1      | Found a faded altar of an unknown god.
   750 | D:2      | Reached XP level 3. HP: 33/33 MP: 2/2
   932 | D:2      | Reached ** piety under Trog
  1000 | D:2      | Reached XP level 4. HP: 38/40 MP: 3/3
  1397 | D:3      | Reached skill level 5 in Axes
  1517 | D:3      | Noticed Terence
  1532 | D:3      | Killed Terence
  1655 | D:3      | Noticed a bullfrog
  1658 | D:3      | Reached XP level 5. HP: 37/47 MP: 4/4
  1964 | D:3      | You fall into a shaft and drop 3 floors!
  1974 | D:6      | Reached XP level 6. HP: 46/55 MP: 5/5
  2046 | D:6      | Noticed a sky beast
  2058 | D:6      | Killed a sky beast
  2059 | D:6      | Reached skill level 5 in Fighting
  2059 | D:6      | Reached skill level 6 in Axes
  2130 | D:5      | Entered Level 5 of the Dungeon
  2155 | D:5      | Reached XP level 7. HP: 61/61 MP: 6/6
  2173 | D:5      | Reached skill level 7 in Axes
  2341 | D:5      | Noticed pigah's ghost (novice OpSh)
  2430 | D:5      | Found a one-way gate to the infinite horrors of the Abyss.
  2434 | D:5      | Found a transporter.
  2439 | D:5      | Noticed a toenail golem
  2465 | D:4      | Noticed Duvessa
  2465 | D:4      | Noticed Dowan
  2472 | D:4      | Killed Duvessa
  2473 | D:4      | Killed Dowan
  2474 | D:4      | Reached skill level 5 in Stealth
  2562 | D:4      | Found a staircase to the Ecumenical Temple.
  2589 | D:4      | Reached XP level 8. HP: 70/70 MP: 7/7
  2591 | D:4      | Reached skill level 8 in Axes
  2913 | D:3      | Noticed Jessica
  2925 | D:3      | Killed Jessica
  2984 | D:3      | Noticed Grinder
  2984 | D:3      | Paralysed by Grinder for 5 turns
  2998 | D:3      | Killed Grinder
  3170 | D:4      | Found a sacrificial altar of Ru.
  3237 | D:4      | Reached skill level 9 in Axes
  3377 | D:4      | Found a basalt altar of Yredelemnul.
  3378 | D:4      | Found a stormy altar of Qazlal.
  3378 | D:4      | Found a burning altar of Makhleb.
  3378 | D:4      | Found a hide-covered altar of Uskayaw.
  3416 | D:4      | Found the amulet of Elemental Vulnerability {rPois rF--
                  | rC-- AC+8}
  3520 | D:4      | Noticed Edmund
  3532 | D:4      | Killed Edmund
  3710 | D:5      | Reached skill level 1 in Maces & Flails
  3710 | D:5      | Reached skill level 1 in Ranged Weapons
  3784 | D:5      | Reached *** piety under Trog
  4039 | D:5      | Found a broken altar of Ashenzari.
  4165 | D:5      | Found a transporter.
  4197 | D:6      | Reached XP level 9. HP: 32/79 MP: 8/8
  4643 | D:6      | Gained mutation: You have large cloven feet. [potion of
                  | mutation]
  4643 | D:6      | Gained mutation: Your spells are a little harder to cast,
                  | but a little more powerful. [potion of mutation]
  4811 | D:6      | Found an ancient bone altar of Kikubaaqudgha.
  5991 | D:7      | Reached skill level 5 in Maces & Flails
  6120 | D:7      | Reached skill level 5 in Ranged Weapons
  7174 | D:7      | Reached XP level 10. HP: 85/90 MP: 9/9
  7323 | D:7      | Found a glowing silver altar of Zin.
  7578 | D:8      | Noticed a two-headed ogre
  7590 | D:8      | Killed a two-headed ogre
  7632 | D:8      | Found a snail-covered altar of Cheibriados.
  7946 | D:8      | Reached skill level 10 in Axes
  8679 | D:9      | Noticed an obsidian statue
  8689 | D:9      | Killed an obsidian statue
  8690 | D:9      | Reached skill level 11 in Axes
  8756 | D:9      | Noticed an ice statue
  8986 | D:9      | Found Xuyxovy's Assorted Antiques.
  8997 | D:9      | Bought a fizzy orange potion for 27 gold pieces
  8997 | D:9      | Bought a pink potion for 27 gold pieces
  8997 | D:9      | Bought a brass wand for 124 gold pieces
  8997 | D:9      | Bought a scroll labelled DIMOKI VIKHAT for 31 gold pieces
  9015 | D:9      | Found a staircase to the Lair.
  9085 | D:9      | Found a hazy altar of Hepliaklqana.
  9223 | D:9      | Reached XP level 11. HP: 81/99 MP: 10/10
  9608 | D:9      | Identified the +5 scimitar of the Mordant God {heavy,
                  | *Noise Int+6 Dex+5}
  9638 | D:10     | Entered Level 10 of the Dungeon
  9751 | D:10     | Noticed Harold
  9763 | D:10     | Killed Harold
  9764 | D:10     | Reached skill level 10 in Fighting
  9943 | D:10     | Noticed a deep elf pyromancer
  9951 | D:10     | Killed a deep elf pyromancer
 10002 | D:10     | Noticed a deep elf pyromancer
 10015 | D:10     | Reached skill level 12 in Axes
 10067 | D:10     | Noticed a deep elf pyromancer
 10074 | D:10     | Killed a deep elf pyromancer
 10109 | D:10     | Noticed a deep elf pyromancer
 10254 | D:10     | Paralysed by a hornet for 2 turns
 10525 | D:9      | Reached skill level 10 in Ranged Weapons
 10796 | D:10     | Found a staircase to the Orcish Mines.
 11116 | Orc:1    | Entered Level 1 of the Orcish Mines
 11368 | Orc:1    | Reached **** piety under Trog
 11425 | Orc:1    | Noticed an orc warlord
 11430 | Orc:1    | Killed an orc warlord
 11431 | Orc:1    | Reached skill level 13 in Axes
 11598 | Orc:2    | Entered Level 2 of the Orcish Mines
 11906 | Orc:2    | Found a dark tunnel.
 11914 | Volcano  | Entered a volcano
 12045 | Volcano  | Killed from afar by a smoke demon

Illustrated notes

Levels and vault maps discovered:
D:1:      kennysheep_arrival_forest, layout_rooms,
          shapermc_ecumenical_altar_petra, nrook_mini_vaults
D:2:      layout_rooms, small_statue_intersection, minmay_tree_intersection
D:3:      layout_basic, uniq_grinder, uniq_jessica, uniq_terence
D:4:      layout_basic, mainiacjoe_overflow_24_doors,
          chequers_temple_overflow_statue_of_worship,
          minmay_temple_entry_statues_pillars, minmay_misc_feat_columns,
          uniq_edmund, uniq_duvessa
D:5:      layout_rooms, lemuel_coloured_pillars_altar, serial_undead,
          serial_undead_d, serial_undead_e, serial_undead_f, serial_undead_b,
          gammafunk_ghost_abyssal_escape
D:6:      kennysheep_slugbush, layout_basic, lemuel_crystal_altar
D:7:      layout_layer_cave, zin_scriptorium, st_stairs_10, minmay_circle_x
D:8:      layout_basic, slow_altar_1
D:9:      minmay_separated_statues, layout_small_grid, old_standard_altar,
          lair_entry_dummy, serial_shops, nicolae_shop_advertising_works
          [nicolae_subvault_shop_adworks], dk_rats_in_the_wall
D:10:     layout_small_grid, david_orc_1_choice, bh_hangedman_babel_library,
          uniq_harold
Orc:1:    layout_caves, minmay_orc_barracks, uniq_jorgrun
Orc:2:    grunt_orc_community_town_hall, layout_caves,
          grunt_orc_community_big_house_2, grunt_orc_community_big_house_1,
          grunt_orc_community_house_1, grunt_orc_community_house_1,
          grunt_orc_community_house_3, grunt_orc_community_house_2,
          grunt_orc_community_house_2, lightli_volcano_entry_magma_tube
Volcano:  hellmonk_smoking_crater

Skill      XL: |  1  2  3  4  5  6  7  8  9 10 11 |
---------------+----------------------------------+-----
Axes           | 4 5 6 7 9 11 13 | 13.3
Stealth        | 1 2 3 4 5 6 |  6.3
Fighting       | 4 5 6 7 8 9 10 | 10.9
Maces & Flails | 2 6 |  6.7
Ranged Weapons | 2 6 8 10 | 10.9
Armour         | |  2.4
Dodging        | |  2.1

Action                     |  1- 3 |  4- 6 |  7- 9 | 10-12 || total
---------------------------+-------+-------+-------+-------++-------
  Melee: Hand axe          |    39 |    89 |   128 |       ||   256
         Headbutt          |    12 |    22 |    45 |    22 ||   101
         Short sword       |    22 |     8 |       |       ||    30
         Punch             |       |     2 |     1 |       ||     3
         Dire flail        |       |       |   154 |       ||   154
         Kick              |       |       |    28 |    37 ||    65
         Battleaxe         |       |       |     7 |   153 ||   160
   Fire: Sling             |       |    22 |     5 |       ||    27
         Orcbow            |       |       |       |    31 ||    31
  Throw: Stone             |     1 |       |       |       ||     1
         Dart              |       |       |     5 |     4 ||     9
         Boomerang         |       |       |     4 |       ||     4
 Invoke: Berserk           |     2 |     3 |     7 |    16 ||    28
         Trog's Hand       |       |       |     6 |    11 ||    17
  Evoke: Wand              |       |       |    10 |     1 ||    11
    Use: Scroll            |       |     4 |     6 |    12 ||    22
         Potion            |       |       |     4 |       ||     4
   Stab: Paralysed         |       |       |     6 |       ||     6
 Armour: Chain mail        |    42 |    78 |   219 |       ||   339
         Animal skin       |     3 |       |       |       ||     3
         Plate armour      |       |       |    85 |   198 ||   283
  Dodge: Dodged            |    24 |    46 |   141 |    73 ||   284
  Block: Other             |       |       |     8 |    33 ||    41
         Reflection        |       |       |       |     2 ||     2

Table legend: (Time is in decaauts)
 A = Elapsed time spent in this place.
 B = Non-inter-level travel time spent in this place.
 C = Inter-level travel time spent in this place.
 D = Time resting spent in this place.
 E = Time spent auto-exploring this place.
 F = Levels seen in this place.
 G = Mean time per level.
                   A        B        C        D        E       F      G
               +--------+--------+--------+--------+--------+-----+--------+
         Total |  12419 |  12124 |    295 |   4172 |   5530 |  13 |  955.3 |
       Dungeon |  11451 |  11157 |    294 |   3662 |   5386 |  10 | 1145.1 |
  Orcish Mines |    834 |    834 |      0 |    422 |    144 |   2 |  417.0 |
       Volcano |    132 |    132 |      0 |     87 |      0 |   1 |  132.0 |
               +--------+--------+--------+--------+--------+-----+--------+

Top non-repeatable levels by time:
     D:6: 1732 daAuts
     D:7: 1720 daAuts
     D:9: 1431 daAuts
    D:10: 1417 daAuts
     D:3: 1014 daAuts
     D:5: 1005 daAuts
     D:8: 895 daAuts
     D:4: 890 daAuts
     D:1: 753 daAuts
   Orc:1: 597 daAuts
     D:2: 590 daAuts
   Orc:2: 237 daAuts
 Volcano: 132 daAuts
